 Dungeon Crawl Stone Soup version 0.25.0-9-g26727b6 (webtiles) character file.

Game seed: 18329081315339783693

79 Helmschank the Vexing (level 4, -13/33 HPs)
             Began as a Formicid Arcane Marksman on June 22, 2020.
             Mangled by Crazy Yiuf
             ... wielding a +4 quarterstaff of chaos
              (19 damage)
             ... on level 2 of the Dungeon.
             The game lasted 00:07:43 (1899 turns).

Helmschank the Vexing (Formicid Arcane Marksman)    Turns: 1899, Time: 00:07:43

Health: -13/33     AC:  8    Str: 16    XL:     4   Next: 62%
Magic:  5/5        EV:  4    Int: 12    God:
Gold:   69         SH: 10    Dex: 11    Spells: 4/5 levels left

rFire    . . .     SeeInvis +   a - +2 dagger (venom)
rCold    . . .     Gourm    .   k - +2 kite shield
rNeg     . . .     Faith    .   i - +0 chain mail
rPois    .         Spirit   .   (helmet unavailable)
rElec    .         Reflect  .   (no cloak)
rCorr    .         Harm     .   (no gloves)
MR       .....                  (no boots)
Stlth    ..........             (no amulet)
HPRegen  0.11/turn              (no ring)
MPRegen  0.09/turn              (no ring)

@: no status effects
A: permanent stasis, dig shafts and tunnels, four strong arms, antennae 3
a: Dig, Shaft Self


You were on level 2 of the Dungeon.
You were not hungry.

You visited 1 branch of the dungeon, and saw 2 of its levels.

You collected 69 gold pieces.

Inventory:

Hand Weapons
 a - a +2 dagger of venom (weapon)
 b - a +0 whip of draining
 r - a +0 hand axe
Missiles
 K - 4 javelins
 O - 58 stones (quivered)
 P - 31 poisoned darts
 Z - 2 throwing nets
Armour
 e - a +0 robe
 i - a +0 chain mail (worn)
 k - a +2 kite shield (worn)
Scrolls
 g - a scroll of fog {unknown}
 h - a scroll of fear {unknown}
 j - a scroll of enchant weapon {unknown}
 m - a scroll of immolation {unknown}
 n - a scroll of identify {unknown}
 o - 2 scrolls of noise {unknown}
 p - a scroll of teleportation {unknown}
Potions
 d - a potion of might {unknown}
 l - 2 potions of flight {unknown}
 q - 2 potions of heal wounds {unknown}
 s - 2 potions of curing {unknown}
 t - a potion of invisibility {unknown}
Comestibles
 f - a ration


   Skills:
 - Level 2.0 Fighting
 + Level 2.0 Short Blades
 - Level 0.4 Maces & Flails
 - Level 2.0 Throwing
 - Level 2.0 Armour
 - Level 1.7 Dodging
 - Level 2.0 Shields
 - Level 1.1 Spellcasting
 - Level 3.6 Hexes


You had 4 spell levels left.
You knew the following spells:

 Your Spells              Type           Power        Failure   Level  Hunger
z - Corona                Hex            #......      99%         1    ##.....

Your spell library contained the following spells:

 Spells                   Type           Power        Failure   Level  Hunger
 Slow                     Hex            #.......     100%        2    ###....
 Inner Flame              Hex/Fire       #.......     100%        3    ####...
 Portal Projectile        Hex/Tloc       #.....       100%        3    ####...
 Cause Fear               Hex            #.........   100%        4    #####..
 Leda's Liquefaction      Hex/Erth       #.........   100%        4    #####..


Dungeon Overview and Level Annotations

Branches:
Dungeon (2/15)

Altars:

Annotations:
D:2 Crazy Yiuf


Innate Abilities, Weirdness & Mutations

You cannot be hasted, slowed, berserked, paralysed or teleported.
You can dig through walls and to a lower floor.
Your four strong arms can wield two-handed weapons with a shield.
You have a pair of large antennae on your head. (SInv)


Message History

Crazy Yiuf glowers.
Crazy Yiuf hits you but does no damage.
You are electrocuted!!
Ouch! That really hurt!
You take 19 damage, and have 12/33 hp.
MASSIVE DAMAGE!!
Crazy Yiuf yells, "Snurf!
Snower unthinkable seventy."
You see here a mace.
You hit Crazy Yiuf but do no damage.
Crazy Yiuf is lightly wounded.
Crazy Yiuf hits you with a +4 quarterstaff of chaos.
* * * LOW HITPOINT WARNING * * *
You take 4 damage, and have 9/33 hp.
You see here a mace.
You see here a mace.
Crazy Yiuf whimpers, "Mugger!"
Crazy Yiuf says, "Snurf meccalolo arga!"
Crazy Yiuf hits you with a +4 quarterstaff of chaos.
* * * LOW HITPOINT WARNING * * *
You are electrocuted!!
Ouch! That really hurt!
You die...

♣♣)♣♣ #.# #.##..........# ♣♣...♣
#.# #.##..........# ♣....♣ #.#
#..#..........# #....#
#.#####.#..........# ###..##
#.......<.############## ......#
#######.#.# #.......# ###.#.#
#.#.# #.......#
###...##########...######.......#
...............g@.......[........
#####.###########..#######...#...
#.# ##>..# #...#... #.# ###.#
#...#### #.# #.# #...# #.# #.#
#...# #.# #.# ##### #.# #.# #.#
#.#


You could see Crazy Yiuf.

Vanquished Creatures
  Jessica (D:2)
  2 dart slugs (D:1)
  2 leopard geckos (D:2)
  2 giant cockroaches
  3 hobgoblins (D:1)
  3 jackals (D:2)
  2 quokkas (D:2)
  6 bats
  4 frilled lizards
  5 goblins
  12 kobolds
  7 rats
49 creatures vanquished.

Notes
Turn   | Place    | Note
-------+----------+-------------------------------------------
     0 | D:1      | Helmschank the Formicid Arcane Marksman began the quest for
                  | the Orb.
     0 | D:1      | Reached XP level 1. HP: 15/15 MP: 2/2
    98 | D:1      | Reached skill level 1 in Short Blades
   119 | D:1      | Reached XP level 2. HP: 13/21 MP: 3/3
   543 | D:1      | Reached XP level 3. HP: 24/26 MP: 4/4
   861 | D:2      | Reached skill level 1 in Armour
  1084 | D:2      | Found a runed translucent door.
  1085 | D:2      | Noticed Crazy Yiuf
  1149 | D:2      | Noticed Jessica
  1157 | D:2      | Killed Jessica
  1157 | D:2      | Reached skill level 1 in Shields
  1157 | D:2      | Reached XP level 4. HP: 19/32 MP: 5/5
  1899 | D:2      | Mangled by Crazy Yiuf

Illustrated notes

Levels and vault maps discovered:
D:1:      roderic_dead_forest, layout_basic
D:2:      layout_basic, minmay_goblin_kobold_house, uniq_jessica,
          uniq_crazy_yiuf_cottage

Skill      XL: |  1  2  3  4 |
---------------+-------------+-----
Short Blades   | 1 2 |  2.0
Armour         | 2 |  2.0
Shields        | 1 2 |  2.0
Fighting       | 2 |  2.0
Maces & Flails | |  0.4
Throwing       | |  2.0
Dodging        | |  1.7
Spellcasting   | |  1.1
Hexes          | |  3.6

Action                   |  1- 3 |  4- 6 || total
-------------------------+-------+-------++-------
Melee: Dagger            |    69 |    43 ||   112
       Club              |     2 |       ||     2
Throw: Javelin           |    11 |       ||    11
       Stone             |    16 |    19 ||    35
       Dart              |     1 |       ||     1
 Cast: Corona            |     1 |       ||     1
  Eat: Chunk             |     1 |     2 ||     3
Armor: Chain mail        |    26 |    18 ||    44
       Robe              |     1 |       ||     1
Dodge: Dodged            |    13 |     5 ||    18
Block: Kite shield       |    25 |    21 ||    46
